 Dungeon Crawl Stone Soup version 0.28.0 (webtiles) character file.

Game seed: 18214334044775418759

8231 bonscott the Reanimator (level 11, -1/62 HPs)
             Began as a Vampire Necromancer on May 9, 2022.
             Was a High Priest of Cheibriados.
             Slain by a two-headed ogre (31 damage)
             ... on level 9 of the Dungeon.
             The game lasted 01:44:19 (14465 turns).

bonscott the Reanimator (Vampire Necromancer)      Turns: 14465, Time: 01:44:20

Health: -1/62      AC: 14    Str: 31    XL:     11   Next: 7%
Magic:  19/22      EV: 17    Int: 32    God:    Cheibriados [*****.]
Gold:   99         SH:  0    Dex: 30    Spells: 1/25 levels left

rFire   . . .      SeeInvis +   K - +7 falchion of the Poles {freeze, +Blink Str+7 Dex+3 SInv}
rCold   + + .      Faith    .   (no shield)
rNeg    + + +      Spirit   .   e - +0 ring mail
rPois   ∞          Reflect  .   (no helmet)
rElec   .          Harm     .   l - +0 cloak
rCorr   .          Rampage  .   (no gloves)
Will    +....                   n - +0 pair of boots
Stlth   +++++.....              i - amulet of the acrobat
HPRegen 0.00/turn               j - +4 ring of evasion
MPRegen 0.18/turn               h - ring of wizardry

@: ice-armoured, about to teleport, bloodless, inhibited regen, very slow
A: bloodless, fangs 3, see invisible, vampiric 2
a: Bat Form, Revivify, Renounce Religion, Evoke Blink, Bend Time, Temporal
Distortion, Slouch, Step From Time


You were on level 9 of the Dungeon.
You worshipped Cheibriados.
Cheibriados was extremely pleased with you.
You visited 2 branches of the dungeon, and saw 11 of its levels.

You collected 510 gold pieces.
You spent 411 gold pieces at shops.

Inventory:

Hand Weapons
 a - a +0 hunting sling
 b - a +1 dagger of protection
 z - a +1 trident of venom
 C - a +1 hand axe of venom
 E - a +1 whip of electrocution
 K - the +7 falchion of the Poles (weapon) {freeze, +Blink Str+7 Dex+3 SInv}
   (You bought it in a shop on level 1 of the Dungeon)

   It freezes those it strikes, dealing additional cold damage.
   It can also slow down cold-blooded creatures.
   Str:       It affects your strength (+7).
   Dex:       It affects your dexterity (+3).
   SInv:      It lets you see invisible.
   +Blink:    It lets you blink.
Missiles
 d - 15 poisoned darts
 g - 97 arrows
 k - 39 sling bullets
 y - 3 boomerangs
 F - 256 stones
 G - a curare-tipped dart
 I - 3 atropa-tipped darts
Armour
 e - a +0 ring mail (worn)
 l - a +0 cloak (worn)
 n - a +0 pair of boots (worn)
Jewellery
 h - a ring of wizardry (right hand)
 i - an amulet of the acrobat (around neck)
 j - a +4 ring of evasion (left hand)
Wands
 f - a wand of charming (10)
 o - a wand of iceblast (14)
 D - a wand of paralysis (8)
Scrolls
 m - 2 scrolls of teleportation
 p - a scroll of enchant weapon
 q - a scroll of summoning
 s - a scroll of fog {unknown}
 x - a scroll of enchant armour {unknown}
 B - 3 scrolls of magic mapping
 J - a scroll of amnesia {unknown}
Potions
 c - a potion of heal wounds
 r - 3 potions of lignification
 t - 2 potions of brilliance
 u - 3 potions of flight
 v - 3 potions of magic
 w - 2 potions of curing
 A - a potion of ambrosia
 H - 2 potions of mutation {unknown}


   Skills:
 + Level 4.7 Fighting
 + Level 6.2 Armour
 - Level 2.1 Dodging
 + Level 4.0 Stealth
 - Level 7.5 Spellcasting
 - Level 9.4 Necromancy
 + Level 5.2 Ice Magic
 + Level 4.8 Invocations
 + Level 4.7 Evocations


You had one spell level left.
You knew the following spells:

 Your Spells              Type           Power      Damage    Failure   Level
a - Apportation           Tloc           24%        N/A       2%          1
d - Dispel Undead         Necr           64%        3d22      1%          4
i - Pain                  Necr           100%       1d9       1%          1
l - Lesser Beckoning      Tloc           12%        N/A       6%          3
m - Vampiric Draining     Necr           64%        2d10      1%          3
p - Passwall              Tmut/Erth      10%        N/A       3%          2
q - Blink                 Tloc           24%        N/A       3%          2
y - Agony                 Necr           64%        N/A       1%          5
z - Ozocubu's Armour      Ice            45%        N/A       1%          3

Your spell library contained the following spells:

 Spells                   Type           Power      Damage    Failure   Level
 Animate Skeleton         Necr           100%       N/A       1%          1
 Sandblast                Erth           24%        2d8       2%          1
 Summon Small Mammal      Summ           48%        N/A       2%          1
 Ensorcelled Hibernation  Hex/Ice        56%        N/A       1%          2
 Animate Dead             Necr           32%        N/A       1%          4
 Excruciating Wounds      Necr           32%        N/A       1%          5
 Static Discharge         Conj/Air       12%        N/A       3%          2
 Portal Projectile        Hex/Tloc       24%        N/A       6%          3
 Stone Arrow              Conj/Erth      24%        3d8       6%          3
 Swiftness                Air            12%        N/A       6%          3
 Petrify                  Tmut/Erth      12%        N/A       21%         4
 Sticky Flame             Conj/Fire      12%        2d4       21%         4
 Metabolic Englaciation   Hex/Ice        14%        N/A       21%         5
 Blade Hands              Tmut           6%         N/A       50%         5
 Manifold Assault         Tloc           12%        N/A       50%         5
 Ozocubu's Refrigeration  Ice            22%        4d9       88%         7
 Statue Form              Tmut/Erth      8%         N/A       96%         6


Dungeon Overview and Level Annotations

Branches:
Dungeon (10/15)            Temple (0/1) D:6            Lair (1/6) D:8
    Orc: D:9-12

Altars:
Cheibriados
Nemelex Xobeh
Trog
Xom

Shops:
D:1 (   D:5 ?   D:7 :

Annotations:
D:6 1 runed translucent door, Jonnyslop's ghost, novice DDNe


Innate Abilities, Weirdness & Mutations

You do not regenerate when monsters are visible.
You are frail without blood (-20% HP).
You can heal yourself when you bite living creatures.
You are immune to poison.
You have razor-sharp teeth.
You have supernaturally acute eyesight. (SInv)
You are afflicted with vampirism and can become a bat while bloodless.


Message History

You hit the kobold brigand. You freeze the kobold brigand.
The kobold brigand is almost dead.
The kobold closely misses you.
The kobold brigand hits you but does no damage.
The kobold hits you but does no damage.
You slash the kobold brigand! You freeze the kobold brigand.
You kill the kobold brigand!
Cheibriados appreciates the change of pace.
The kobold hits you but does no damage.
You hit the kobold. You freeze the kobold. You punch the kobold.
You kill the kobold!
Cheibriados thoroughly appreciates the change of pace.
Your icy armour cracks and falls away as you move.
d - 15 poisoned darts (gained 4)
You see here a +0 dagger.
F - 256 stones (gained 1)
Things that are here:
a +0 short sword; a kobold corpse
There is a stone staircase leading down here.
You start resting.
Magic restored.
You climb downwards.
The two-headed ogre misses you. x2
The kobold closely misses you. The kobold misses you.
The two-headed ogre closely misses you. The two-headed ogre misses you.
There is a stone staircase leading up here.
The kobold completely misses you.
You climb upwards.
There is a stone staircase leading down here.
Casting: Ozocubu's Armour (safe; 1% risk of failure)
Confirm with . or Enter, or press ? or * to list all spells.
A film of ice covers your body! The kobold hits you but does no damage.
The two-headed ogre hits you with a +0 giant club!!
The two-headed ogre hits you with a +0 giant spiked club!
The kobold hits you but does no damage.
As you read the scroll of teleportation, it crumbles to dust.
You feel strangely unstable. The kobold hits you but does no damage.
The kobold misses you.
The two-headed ogre hits you with a +0 giant club!!
Ouch! That really hurt!
You die...

.#...##..#.##......#.#
##...##..#..)........#
##...##..#####.......#
.....##..'...#.....#.#
##...######..#.......#
.'...# #..#.......#
.#...# #..#.......#
.#...# #..#.K.....#
.#...# #..#.O@....#
.#...# #..#.)K..#.#
.#...# #..#.....#.#
.#...# #..#.....#.#
.#...# #..#.......#
.#...# #..'.......#
##...# #..#.......#
######## ####.......#
#......#####.........#


You could see a two-headed ogre and 2 kobolds.

Vanquished Creatures
  Pikel (D:6)
  A centaur zombie (D:7)
  A komodo dragon (D:8)
  A troll (D:7)
  Sigmund (D:3)
  11 yaks
  3 wyverns
  4 steam dragons
  Menkaure (D:4)
  A water moccasin (D:4)
  3 orc warriors
  An ice beast (D:8)
  2 black bears
  A necrophage (D:5)
  A sky beast (D:6)
  A hornet zombie (D:7)
  2 centaurs
  2 ogres
  A lemure (D:6)
  3 kobold brigands
  3 phantoms
  8 bullfrogs
  A wyvern zombie (D:6)
  5 scorpions
  A water moccasin skeleton (D:6)
  8 killer bees
  3 wights (D:9)
  An electric eel (D:7)
  2 bullfrog zombies
  3 hounds
  A jelly (D:6)
  4 orc priests
  3 bullfrog skeletons
  Crazy Yiuf (D:4)
  A centaur skeleton (D:6)
  4 iguanas
  13 orc wizards
  Natasha (D:1)
  A scorpion zombie (D:5)
  A killer bee zombie (D:6)
  A hound zombie (D:5)
  5 adders
  A shadow imp (D:6)
  A white imp (D:6)
  An ufetubus (D:5)
  An adder skeleton (D:5)
  A dart slug (D:4)
  34 orcs
  7 bats
  2 endoplasms
  4 giant cockroaches
  6 goblins
  6 hobgoblins
  4 jackals
  8 kobolds
  2 quokkas (D:5)
  7 ball pythons
  4 frilled lizards
  5 rats
207 creatures vanquished.

Vanquished Creatures (others)
  An orc wizard (D:8)
  14 fungi
  15 plants
30 creatures vanquished.

Grand Total: 237 creatures vanquished

Notes
Turn   | Place    | Note
-------+----------+-------------------------------------------
     0 | D:1      | bonscott the Vampire Necromancer began the quest for the
                  | Orb.
     0 | D:1      | Reached XP level 1. HP: 13/13 MP: 3/3
   366 | D:1      | Found Xigim's Antique Weapon Emporium.
   376 | D:1      | Reached XP level 2. HP: 17/19 MP: 1/5
   831 | D:1      | Found a faded altar of an unknown god.
   840 | D:1      | Prayed at the altar of an unknown god.
   840 | D:1      | Became a worshipper of Cheibriados the Contemplative
   840 | D:1      | Reached * piety under Cheibriados
  1146 | D:2      | Noticed Natasha
  1162 | D:1      | Noticed a crimson imp
  1162 | D:1      | Killed Natasha
  1163 | D:1      | Reached skill level 5 in Necromancy
  1163 | D:1      | Gained mutation: You are afflicted with vampirism and can
                  | become a bat while bloodless. [Vampire growth]
  1163 | D:1      | Reached XP level 3. HP: 13/24 MP: 1/7
  1389 | D:1      | Learned a level 2 spell: Blink
  2047 | D:3      | Learned a level 3 spell: Vampiric Draining
  2068 | D:3      | Learned a level 2 spell: Passwall
  2079 | D:3      | Reached XP level 4. HP: 29/30 MP: 5/8
  2115 | D:3      | Reached ** piety under Cheibriados
  2193 | D:3      | Noticed Sigmund
  2203 | D:3      | Killed Sigmund
  2204 | D:3      | Reached skill level 6 in Necromancy
  2204 | D:3      | Reached XP level 5. HP: 35/35 MP: 5/11
  2287 | D:3      | Reached skill level 1 in Armour
  2287 | D:3      | Reached XP level 6. HP: 28/41 MP: 1/12
  3135 | D:4      | Noticed Menkaure
  3436 | D:4      | Reached *** piety under Cheibriados
  3591 | D:4      | Reached XP level 7. HP: 46/46 MP: 5/14
  3602 | D:4      | Reached skill level 7 in Necromancy
  3837 | D:4      | Found a runed translucent door.
  3838 | D:4      | Noticed Crazy Yiuf
  3843 | D:4      | Killed Crazy Yiuf
  3927 | D:4      | Reached skill level 5 in Spellcasting
  4201 | D:4      | Learned a level 5 spell: Agony
  4202 | D:5      | Entered Level 5 of the Dungeon
  4207 | D:5      | Learned a level 3 spell: Ozocubu's Armour
  4765 | D:5      | Reached **** piety under Cheibriados
  4772 | D:5      | Reached XP level 8. HP: 52/52 MP: 16/16
  4823 | D:5      | Noticed a hornet
  4861 | D:4      | Killed Menkaure
  4862 | D:4      | Reached skill level 8 in Necromancy
  5150 | D:5      | Found Udghuecwi's Magic Scroll Boutique.
  5281 | D:5      | Bought a scroll of blinking for 97 gold pieces
  5283 | D:5      | Bought a scroll of identify for 26 gold pieces
  5352 | D:6      | Noticed Pikel
  6062 | D:6      | Found a runed translucent door.
  6203 | D:6      | Noticed Jonnyslop's ghost (novice DDNe)
  6479 | D:6      | Found a staircase to the Ecumenical Temple.
  6645 | D:6      | Reached skill level 1 in Fighting
  6645 | D:6      | Reached skill level 1 in Ice Magic
  6645 | D:6      | Reached skill level 1 in Invocations
  6645 | D:6      | Reached skill level 1 in Evocations
  6869 | D:6      | Reached XP level 9. HP: 36/47 MP: 5/18
  7203 | D:6      | Reached ***** piety under Cheibriados
  7407 | D:6      | Found a sparkling altar of Nemelex Xobeh.
  7747 | D:6      | Learned a level 4 spell: Dispel Undead
  7890 | D:6      | Killed Pikel
  7891 | D:6      | Reached skill level 9 in Necromancy
  8147 | D:7      | Found a shimmering altar of Xom.
  8167 | D:7      | Reached skill level 5 in Armour
  8543 | D:7      | Found a bloodstained altar of Trog.
  8819 | D:7      | Reached XP level 10. HP: 43/56 MP: 10/20
  8986 | D:7      | Learned a level 3 spell: Lesser Beckoning
  8994 | D:7      | Found Veer Syi's Book Shop.
 10691 | D:8      | Noticed a two-headed ogre
 10822 | D:1      | Bought a masterwork falchion for 144 gold pieces
 10822 | D:1      | Identified the +7 falchion of the Poles {freeze, +Blink
                  | Str+7 Dex+3 SInv} (You bought it in a shop on level 1 of
                  | the Dungeon)
 12341 | D:8      | Found a staircase to the Lair.
 13503 | D:10     | Entered Level 10 of the Dungeon
 13752 | D:10     | Noticed a two-headed ogre
 13826 | Lair:1   | Entered Level 1 of the Lair of Beasts
 13832 | Lair:1   | Reached skill level 5 in Ice Magic
 14015 | D:8      | Reached XP level 11. HP: 61/62 MP: 14/22
 14111 | Lair:1   | Noticed a seven-headed hydra
 14280 | D:7      | Bought Theurgy, Part One for 144 gold pieces
 14282 | D:7      | Learned a level 1 spell: Apportation
 14408 | D:10     | Noticed a two-headed ogre
 14465 | D:9      | Slain by a two-headed ogre

Illustrated notes

Levels and vault maps discovered:
D:1:      mrwooster_arrival_statue_2, layout_basic, serial_shops,
          nicolae_shop_advertising_works [nicolae_subvault_shop_adworks],
          dreamdust_ecumenical_altar_angels_and_demons, minmay_pentomino_t4
D:2:      layout_loops_cross, minmay_misc_feat_ornament,
          guppyfry_early_orc_mine, uniq_natasha
D:3:      layout_loops_cross, uniq_sigmund
D:4:      layout_cave_pods, hangedman_decor_peaks_small,
          amcnicky_mini_corridor_feature, uniq_crazy_yiuf_cottage, uniq_menkaure
D:5:      layout_rooms, serial_shops, kennysheep_mini,
          minmay_misc_feat_four_crosses
D:6:      layout_gridville, nicolae_overflow_hidden_temple,
          minmay_temple_entry_antechambers, ebering_ghost_sewer_d,
          chequers_serial_rivers_micro_c, minmay_bent, uniq_pikel
D:7:      layout_rooms, nicolae_wooded_promenade, hex_large,
          hangedman_feature_mirror, dk_noncrumbling_3
D:8:      layout_basic, grunt_lair_entry_orc_guard_hut, hangedman_glass_teeth,
          kennysheep_generic_room_11
D:9:      layout_stronghold
D:10:     layout_long_grid, hellmonk_guarded_unrand_gong
Lair:1:   wad_woods_04, layout_loops_ring, grunt_megastairs_2,
          serial_bayou_shore_b

Skill      XL: |  1  2  3  4  5  6  7  8  9 10 11 |
---------------+----------------------------------+-----
Spellcasting   | 3 4 5 6 7 |  7.5
Necromancy     | 5 6 7 8 9 |  9.4
Armour         | 1 2 3 4 5 6 |  6.2
Fighting       | 1 3 4 |  4.7
Ice Magic      | 1 3 5 |  5.2
Invocations    | 1 3 4 |  4.8
Evocations     | 1 3 4 |  4.7
Stealth        | 4 |  4.0
Dodging        | |  2.1

Action                   |  1- 3 |  4- 6 |  7- 9 | 10-12 || total
-------------------------+-------+-------+-------+-------++-------
Melee: Dagger            |       |    23 |   393 |   108 ||   524
       Bite              |       |       |    72 |    30 ||   102
       Punch             |       |       |     3 |     4 ||     7
       Whip              |       |       |    17 |       ||    17
       Trident           |       |       |     2 |       ||     2
       Falchion          |       |       |       |    61 ||    61
 Fire: Hunting sling     |    12 |    30 |    22 |     1 ||    65
Throw: Stone             |       |       |    30 |    31 ||    61
       Dart              |       |       |       |     5 ||     5
 Cast: Pain              |    57 |    44 |    46 |    28 ||   175
       Vampiric Draining |       |    14 |    48 |    41 ||   103
       Ozocubu's Armour  |       |       |    12 |    25 ||    37
       Agony             |       |       |       |    11 ||    11
Invok: Slouch            |       |       |       |     2 ||     2
 Abil: Exsanguinate      |       |       |     1 |       ||     1
Evoke: Wand              |       |     3 |     2 |     1 ||     6
  Use: Scroll            |     2 |     1 |     9 |     3 ||    15
       Potion            |       |     1 |     1 |       ||     2
 Stab: Sleeping          |       |       |     7 |     5 ||    12
Armor: Robe              |     8 |     3 |    47 |       ||    58
       Skin              |       |    33 |    15 |       ||    48
       Leather armour    |       |       |    83 |       ||    83
       Ring mail         |       |       |    26 |    67 ||    93
Dodge: Dodged            |    32 |    28 |   375 |   240 ||   675
